 Dungeon Crawl Stone Soup version 0.30.0-5-g1a98f26d00 (webtiles) character file.

Game seed: 9417248103179832976

221645 taunis the Warrior (level 18, -39/184 HPs)
             Began as an Armataur Fighter on May 7, 2023.
             Was the Champion of Okawaru.
             Killed from afar by Nikola (52 damage)
             ... with a bolt of lightning
             ... on level 3 of the Shoals on May 9, 2023.
             The game lasted 02:35:11 (42650 turns).

taunis the Warrior (Armataur Fighter)              Turns: 42650, Time: 02:35:12

Health: -39/184    AC: 41    Str: 29    XL:     18   Next: 51%
Magic:  16/25      EV: 10    Int:  9    God:    Okawaru [******]
Gold:   733        SH: 22    Dex: 10    Spells: 17/17 levels left

rFire   . . .        G - +3 eveningstar (freeze)
rCold   + . .        v - +2 kite shield {AC+3}
rNeg    . . .        D - quicksilver dragon scales
rPois   .            Q - +2 helmet
rElec   .            l - +2 cloak
rCorr   .            p - +2 pair of gloves {infuse}
SInv    .            V - +4 barding {rC+}
Will    +++..        H - amulet of reflection
Stlth   ++           U - ring of willpower
HPRegen 0.50/turn    i - ring of flight
MPRegen 0.19/turn

%: reflection, roll, infuse magic (1 MP)
@: heroic, flying
A: large, rugged brown scales 3, deformed body, armoured tail, roll, long
tongue, awkward tongue
}: 1/15 runes: serpentine
a: Renounce Religion, Heroism, Finesse, Duel


You were on level 3 of the Shoals.
You worshipped Okawaru.
Okawaru was exalted by your worship.
You visited 6 branches of the dungeon, and saw 30 of its levels.
You also visited: Sewer.

You collected 3143 gold pieces.
You spent 2410 gold pieces at shops.

Inventory:

Hand Weapons
 z - a +0 heavy demon whip
 G - a +3 eveningstar of freezing (weapon)
 T - the +5 demon whip of Balance {pain, rCorr Int-3 SInv Stlth+}
   (Okawaru gifted it to you on level 3 of the Lair of Beasts)

   Int:       It affects your intelligence (-3).
   SInv:      It lets you see invisible.
   rCorr:     It protects you from acid and corrosion.
   Stlth:     It makes you more stealthy.
Armour
 a - a +1 barding of fire resistance
 c - +0 swamp dragon scales
 l - a +2 cloak (worn)
 p - a +2 pair of gloves of infusion (worn)
 v - a +2 kite shield of protection (worn)
 y - the +3 barding of Feasting {Str+6 Dex-5}
   (Okawaru gifted it to you on level 4 of the Snake Pit)

   Str:       It affects your strength (+6).
   Dex:       It affects your dexterity (-5).
 D - quicksilver dragon scales (worn)
 F - a +2 kite shield of fire resistance
 Q - a +2 helmet (worn)
 V - a +4 barding of cold resistance (worn)
 Z - a +1 ring mail of fire resistance
Jewellery
 b - the ring of Meoc {rF+++ Str-2 Dex+6 SInv}
   (You bought it in a shop on level 10 of the Dungeon)

   [ring of see invisible]

   Str:       It affects your strength (-2).
   Dex:       It affects your dexterity (+6).
   rF:        It renders you almost immune to fire.
   SInv:      It lets you see invisible.
 i - a ring of flight (right hand)
 E - a ring of resist corrosion
 H - an amulet of reflection (around neck)
 I - a +5 ring of evasion
 J - a ring of see invisible
 L - a ring of protection from cold
 S - a +4 ring of protection
 U - a ring of willpower (left hand)
Wands
 o - a wand of digging (6)
 q - a wand of flame (57)
 t - a wand of roots (49) (quivered)
 B - a wand of acid (31)
 O - a wand of mindburst (10)
 W - a wand of polymorph (20)
Scrolls
 g - a scroll of amnesia
 j - 6 scrolls of teleportation
 m - a scroll of blinking
 r - 4 scrolls of enchant armour
 s - 4 scrolls of poison
 C - 3 scrolls of identify
 N - 3 scrolls of magic mapping
 P - 4 scrolls of fog
 R - 5 scrolls of fear
Potions
 d - 11 potions of might
 e - 7 potions of invisibility
 f - 4 potions of flight
 h - 16 potions of curing
 k - 3 potions of berserk rage
 n - 10 potions of lignification
 u - 3 potions of haste
 w - 5 potions of brilliance
 x - 2 potions of resistance
 A - 3 potions of cancellation
 K - 5 potions of ambrosia
 M - 3 potions of magic


   Skills:
 - Level 18.0(23.0) Fighting
 + Level 14.8(19.8) Maces & Flails
 - Level 14.0(19.0) Armour
 - Level 7.0(12.0) Dodging
 - Level 15.8(20.8) Shields
 - Level 10.0 Invocations


You had 17 spell levels left.
You didn't know any spells.
Your spell library contained the following spells:

 Spells                   Type           Power      Damage    Failure   Level
 Kiss of Death            Conj/Necr      0%         2d5       52%         1
 Shock                    Conj/Air       0%         1d3       52%         1
 Blink                    Tloc           0%         N/A       65%         2
 Lesser Beckoning         Tloc           0%         N/A       65%         2
 Momentum Strike          Conj/Tloc      0%         3d8       65%         2
 Searing Ray              Conj           0%         2d4       65%         2
 Confusing Touch          Hex            0%         N/A       87%         3
 Swiftness                Air            0%         N/A       87%         3
 Airstrike                Air            0%         2d(0-16)  99%         4
 Dispel Undead            Necr           0%         3d6       99%         4
 Iskenderun's Mystic Bla  Conj/Tloc      0%         2d3       99%         4
 Passage of Golubria      Tloc           0%         N/A       99%         4
 Freezing Cloud           Conj/Ice/Air   0%         6-21      100%        5
 Yara's Violent Unravell  Hex/Tmut       0%         3d3       100%        5
 Storm Form               Tmut/Air       0%         N/A       100%        7
 Maxwell's Capacitive Co  Air            0%         ∞         100%        8
 Tukima's Dance           Hex            Unusable   N/A       N/A         3
 Summon Lightning Spire   Summ/Air       Unusable   N/A       N/A         4

Dungeon Overview and Level Annotations

Branches:
Dungeon (15/15)            Temple (1/1) D:6            Lair (5/5) D:8
 Shoals (3/4) Lair:2        Snake (4/4) Lair:3        Slime (0/5) Lair:4
    Orc (2/2) D:12            Elf (0/3) Orc:2        Vaults (0/5) D:13
  Sewer (visited)
 Depths: D:15

Altars:
Ashenzari
Cheibriados
Dithmenos
Elyvilon
Fedhas
Gozag
Hepliaklqana
Kikubaaqudgha
Makhleb
Nemelex Xobeh
Okawaru
Qazlal
Ru
Sif Muna
Trog
Uskayaw
Vehumet
Wu Jian
Xom
Yredelemnul
Zin
The Shining One
Jiyva

Shops:
D:2 !   D:9 **   D:10 =   D:12 *   D:14 *   Orc:2 (?**   Snake:3 =[

Annotations:
D:3 exclusion: oklob plant, Sigmund
D:7 1 runed translucent door, Crazy Yiuf
D:9 3 runed translucent doors, jasper's ghost, novice HOCA; scisormetimb3rs's ghost, journeyman OpFi; sigtrap's ghost, novice DjHW; zazu2006's ghost, novice NaHW
D:13 3 runed translucent doors, Iplucs's ghost, journeyman FeBe
Shoals:1 2 transporters, Orangeyouglad's ghost, journeyman HuIE
Shoals:3 Nikola


Innate Abilities, Weirdness & Mutations

You are completely covered in rugged brown scales. (AC +3, +7% HP)
Armour fits poorly on your strangely shaped body.
You have a long armoured tail.
You roll when moving toward enemies. (Rampage)
Your long tongue fully drains potion bottles. (2x potion effects)
Your tongue gives you trouble enunciating. (1.5x scroll delay)


Message History

Nikola gestures wildly while chanting.
Lightning arcs from Nikola's hands!
The bolt of lightning hits you!!!!
A bolt of lightning appears from out of thin air!
The bolt of lightning hits Nikola!
The bolt of lightning hits the snapping turtle!!!
The snapping turtle dies!
Unknown command.
Unknown command.
You gain the combat prowess of a mighty hero.
Nikola points at you and mumbles some strange words.
The bolt of lightning hits you!!
* * * LOW HITPOINT WARNING * * *
You bludgeon Nikola!! You freeze Nikola!
Nikola is severely wounded.
Nikola hits you with a +0 rapier of electrocution.
* * * LOW HITPOINT WARNING * * *
Unknown command.
You feel better.
You slurp down every last drop of the potion of curing!
Nikola raves, "Can you feel it? Can you feel it?
CAN YOU FEEL IT?"
Nikola casts a spell at you. The bolt of lightning hits you!!
* * * LOW HITPOINT WARNING * * *
A sea snake comes into view.
The sea snake hisses angrily.
You hear a shout!
You sock Nikola! You freeze Nikola. You tail-slap Nikola.
Nikola is almost dead.
Nikola casts a spell at you. The bolt of lightning misses you.
You closely miss Nikola. You tail-slap Nikola!!
Nikola is almost dead.
You feel better.
You slurp down every last drop of the potion of curing!
The wind drake flaps its wings at you. The air twists around and strikes you!!
* * * LOW HITPOINT WARNING * * *
A wind drake comes into view.
Nikola gestures at you while chanting. The bolt of lightning hits you!!!
You die...

~~~...# m~~~..# ~~~~~.
.~~≈≈≈ ≈≈~~~.. ~~~~..
k.~≈≈≈ ~~~~.~~ ~~~~..
..~≈~~~ ≈c~c~~~
..~~..###..≈~~~~≈
..~~.....~≈≈≈~~~≈
...~~...~~≈≈≈≈≈≈≈
#P.~~~@k≈≈≈≈≈≈≈≈
##..~.~@S≈≈≈≈≈≈≈≈
~..~...~≈≈≈≈≈≈≈≈~
PP..P.~~≈≈≈≈≈≈≈≈~
P....~~~≈≈≈≈≈≈≈≈~
.~..P.~~~≈≈≈≈≈≈≈~~PP
PP.....~~~~~~≈≈≈~~~~...
.PP..P.~P~~~~~~≈~~....#
.##PPP.....P.~~≈~~~..#
####.......~~~~~~.P##


You could see Nikola, a sea snake and 2 wind drakes.

Vanquished Creatures
  Vashnia (Snake:3)
  2 quicksilver dragons (Snake:4)
  Gastronok (D:10)
  2 storm dragons (D:14)
  7 nagarajas
  A frost giant (D:14)
  An orc warlord (Orc:1)
  Azrael (D:12)
  2 merfolk javelineers (Shoals:2)
  5 merfolk impalers
  4 hydras
  A rakshasa (D:14)
  5 salamander tyrants
  A merfolk avatar (Lair:5)
  6 anacondas
  2 satyrs
  18 centaur warriors
  7 boulder beetles
  An ogre mage (D:13)
  5 two-headed ogres
  An alligator snapping turtle (Shoals:2)
  10 naga warriors
  4 death yaks
  An orc high priest (Orc:1)
  14 naga sharpshooters
  9 shock serpents
  3 salamander mystics (Snake:4)
  5 skeletal warriors
  9 sea snakes
  5 skysharks
  A swamp dragon (D:13)
  Pikel (D:7)
  6 naga ritualists
  3 orc knights
  5 ugly things
  A wizard (D:14)
  4 harpies (Shoals:3)
  2 wolf spiders (D:14)
  4 deep elf pyromancers
  12 manticores
  17 mana vipers
  7 cyclopes
  15 salamanders
  4 orc sorcerers
  2 will-o-the-wisps
  6 merfolk sirens
  6 elephants (Lair:3)
  15 fauns
  7 guardian serpents
  12 naga magi
  A molten gargoyle (D:13)
  2 gargoyles
  4 torpor snails (Lair:3)
  6 cane toads
  32 black mambas
  Maggie (D:7)
  An unseen horror (D:13)
  An efreet (D:14)
  3 rime drakes (Lair:3)
  Psyche (D:12)
  A kobold demonologist (D:14)
  10 komodo dragons
  A yaktaur (D:14)
  9 trolls
  4 meliai
  19 merfolk
  6 polar bears
  4 wind drakes
  10 blink frogs
  2 hornets (Lair:5)
  8 dream sheep
  11 snapping turtles
  A jumping spider (shapeshifter) (D:13)
  4 water elementals (Shoals:2)
  A slime creature (D:14)
  A spriggan (shapeshifter) (D:14)
  3 shadows (D:11)
  6 fire elementals
  A wyvern (Lair:5)
  13 yaks
  3 wraiths
  6 basilisks
  A hog (shapeshifter) (D:14)
  A steam dragon (D:8)
  9 vampire mosquitoes
  3 wargs (Orc:1)
  3 acid dragons
  26 nagas
  2 hell hounds (D:12)
  6 water moccasins
  A black bear (Lair:1)
  2 swamp drakes (D:13)
  4 ice beasts
  39 orc warriors
  9 ogres
  8 wolves
  21 centaurs
  3 kobold brigands
  10 bullfrogs
  A gnoll sergeant (D:13)
  2 scorpions
  7 wights (D:8)
  12 killer bees
  2 electric eels (D:14)
  5 howler monkeys
  3 lava snakes (D:13)
  6 hounds
  13 jellies
  19 orc priests
  3 gnoll boudas
  A sleepcap (D:6)
  Ijyb (D:3)
  Natasha (thrice) (D:3)
  2 iguanas (D:4)
  19 orc wizards
  Terence (D:3)
  19 gnolls
  18 adders
  9 river rats
  A white imp (D:6)
  3 ufetubi
  5 worms
  5 dart slugs
  68 orcs
  12 endoplasms
  5 giant cockroaches
  13 goblins
  6 hobgoblins
  2 jackals (D:2)
  3 quokkas
  14 ball pythons
  4 bats
  3 frilled lizards
  32 kobolds
  29 rats
939 creatures vanquished.

Vanquished Creatures (collateral kills)
  An ogre (D:6)
  An adder (D:6)
  An orc (D:6)
3 creatures vanquished.

Vanquished Creatures (others)
  A guardian serpent (Snake:2)
  A snapping turtle (Shoals:3)
  2 nagas
  2 centaurs (Orc:2)
  2 orc wizards
  An orc (Orc:2)
  15 foxfires
24 creatures vanquished.

Grand Total: 966 creatures vanquished

Notes
Turn   | Place    | Note
-------+----------+-------------------------------------------
     0 | D:1      | taunis the Armataur Fighter began the quest for the Orb.
     0 | D:1      | Reached XP level 1. HP: 19/19 MP: 1/1
   155 | D:1      | Reached skill level 3 in Fighting
   155 | D:1      | Reached XP level 2. HP: 27/27 MP: 2/2
   787 | D:2      | Reached XP level 3. HP: 32/33 MP: 3/3
  1164 | D:2      | Reached XP level 4. HP: 42/42 MP: 4/4
  1166 | D:2      | Found Heduiz's Distillery.
  1456 | D:3      | Noticed Natasha
  1466 | D:3      | Killed Natasha
  1546 | D:3      | Reached skill level 4 in Fighting
  1603 | D:3      | Noticed Terence
  1754 | D:3      | Reached XP level 5. HP: 35/49 MP: 5/5
  2075 | D:3      | Noticed Natasha
  2079 | D:3      | Killed Terence
  2081 | D:3      | Killed Natasha
  2090 | D:3      | Noticed Natasha
  2098 | D:3      | Killed Natasha
  2123 | D:3      | Noticed Sigmund
  2277 | D:3      | Noticed Ijyb
  2284 | D:3      | Killed Ijyb
  2285 | D:3      | Reached XP level 6. HP: 46/56 MP: 6/6
  2365 | D:3      | Identified the +10 falchion "Homuliky" {venom, rF+ Int+7}
  2498 | D:3      | Identified the +5 quarterstaff "Ywiguun" {freeze, Fly}
  2551 | D:3      | Found a blossoming altar of Fedhas.
  2591 | D:3      | Noticed an oklob plant
  2823 | D:4      | Reached skill level 5 in Fighting
  2934 | D:4      | You fall into a shaft and drop 2 floors!
  3112 | D:5      | Entered Level 5 of the Dungeon
  3123 | D:5      | Got the Grimoire of the Frigid Volley
  3221 | D:4      | Reached skill level 5 in Maces & Flails
  3247 | D:4      | Reached XP level 7. HP: 34/65 MP: 7/7
  3386 | D:4      | Found a glowing drain.
  3394 | Sewer    | Entered a sewer
  3745 | Sewer    | Reached skill level 6 in Fighting
  4194 | D:4      | Found a stormy altar of Qazlal.
  4626 | D:5      | Reached XP level 8. HP: 51/75 MP: 8/8
  5078 | D:5      | Reached skill level 5 in Armour
  5718 | D:6      | Reached skill level 7 in Fighting
  6254 | D:6      | Found a staircase to the Ecumenical Temple.
  6264 | Temple   | Entered the Ecumenical Temple
  6264 | Temple   | Found a transporter.
  6264 | Temple   | Found a transporter.
  6266 | Temple   | Found a transporter.
  6266 | Temple   | Found a transporter.
  6297 | Temple   | Became a worshipper of Warmaster Okawaru
  6364 | D:7      | Reached XP level 9. HP: 84/84 MP: 9/9
  6634 | D:7      | Noticed Maggie
  6671 | D:7      | Killed Maggie
  6671 | D:7      | Reached * piety under Okawaru
  6870 | D:7      | Found a runed translucent door.
  6871 | D:7      | Noticed Crazy Yiuf
  6988 | D:7      | Reached skill level 8 in Fighting
  7245 | D:7      | Noticed Pikel
  7257 | D:7      | Killed Pikel
  7483 | D:8      | Reached ** piety under Okawaru
  7512 | D:8      | Found a bloodstained altar of Trog.
  7619 | D:8      | Reached skill level 9 in Fighting
  7800 | D:8      | Reached XP level 10. HP: 89/90 MP: 10/10
  7902 | D:8      | Found a staircase to the Lair.
  8472 | D:9      | Noticed a +0 hand axe
  8472 | D:9      | Noticed a +0 dagger
  8473 | D:9      | Found a hide-covered altar of Uskayaw.
  8821 | D:9      | Found a runed translucent gate.
  8821 | D:9      | Found a runed translucent gate.
  8821 | D:9      | Found a runed translucent gate.
  8823 | D:9      | Noticed jasper's ghost (novice HOCA)
  8823 | D:9      | Noticed sigtrap's ghost (novice DjHW)
  8824 | D:9      | Noticed scisormetimb3rs's ghost (journeyman OpFi)
  8824 | D:9      | Noticed zazu2006's ghost (novice NaHW)
  8904 | D:9      | Found Yvukoet's Specific Store.
  8904 | D:9      | Found Riat's General Store.
  8941 | D:9      | Bought a scroll of identify for 30 gold pieces
  8941 | D:9      | Bought a potion of heal wounds for 75 gold pieces
  9273 | D:10     | Entered Level 10 of the Dungeon
  9617 | D:10     | Found Goriry's Jewellery Shoppe.
  9743 | D:10     | Found an opulent altar of Gozag.
  9962 | D:10     | Noticed Gastronok
  9976 | D:10     | Killed Gastronok
  9976 | D:10     | Reached *** piety under Okawaru
  9977 | D:10     | Reached skill level 10 in Fighting
 10224 | D:10     | Upgraded the game from 0.30.0-3-ga4e48a9924 to
                  | 0.30.0-5-g1a98f26d00
 10302 | D:11     | Noticed a cyclops
 10561 | D:11     | Killed a cyclops
 10562 | D:11     | Reached skill level 10 in Maces & Flails
 10761 | D:11     | Reached **** piety under Okawaru
 10861 | D:11     | Noticed a gargoyle
 10879 | D:11     | Killed a gargoyle
 10880 | D:11     | Reached skill level 5 in Shields
 10880 | D:11     | Reached XP level 11. HP: 32/108 MP: 8/11
 11277 | D:11     | Identified the +3 leather armour of Naceuc {Regen+ MP+9}
 11372 | D:12     | Noticed a boulder beetle
 11458 | D:11     | Reached ***** piety under Okawaru
 11572 | D:12     | Noticed a deep elf pyromancer
 11596 | D:12     | Noticed Azrael
 11811 | Lair:1   | Entered Level 1 of the Lair of Beasts
 12185 | D:8      | HP: 2/108 [blink frog (6)]
 12189 | D:8      | Reached skill level 11 in Fighting
 13573 | Lair:2   | Noticed a four-headed hydra
 13793 | Lair:2   | Reached skill level 1 in Dodging
 13897 | Lair:2   | Killed a four-headed hydra
 14266 | Lair:2   | Noticed a six-headed hydra
 14276 | Lair:2   | Killed a six-headed hydra
 14422 | Lair:2   | Reached skill level 1 in Invocations
 14715 | Lair:2   | Reached XP level 12. HP: 89/118 MP: 13/13
 15039 | Lair:2   | Reached ****** piety under Okawaru
 15195 | Lair:2   | Found a staircase to the Shoals.
 15625 | Lair:3   | Received a gift from Okawaru
 15691 | Lair:3   | Reached skill level 12 in Fighting
 15899 | Lair:3   | Found a staircase to the Snake Pit.
 15962 | Lair:3   | Found a snail-covered altar of Cheibriados.
 15980 | Lair:3   | Identified the +5 demon whip of Balance {pain, rCorr Int-3
                  | SInv Stlth+} (Okawaru gifted it to you on level 3 of the
                  | Lair of Beasts)
 15980 | Lair:3   | Received a gift from Okawaru
 17020 | Lair:3   | Reached skill level 5 in Dodging
 17222 | Lair:4   | Noticed a death yak
 17326 | Lair:4   | Noticed a death yak
 17327 | Lair:4   | Noticed a death yak
 17350 | Lair:4   | Killed a death yak
 17365 | Lair:4   | Killed a death yak
 17365 | Lair:4   | Received a gift from Okawaru
 17373 | Lair:4   | Killed a death yak
 17739 | Lair:4   | Found a viscous altar of Jiyva.
 17739 | Lair:4   | Found a staircase to the Slime Pits.
 18221 | Lair:5   | Entered Level 5 of the Lair of Beasts
 18380 | Lair:5   | Reached skill level 10 in Invocations
 18380 | Lair:5   | Reached XP level 13. HP: 127/127 MP: 14/20
 18380 | Lair:5   | Reached XP level 14. HP: 135/135 MP: 14/21
 18664 | Lair:5   | Reached skill level 13 in Fighting
 18889 | Lair:5   | Reached XP level 15. HP: 119/144 MP: 22/22
 19649 | Lair:5   | Paralysed by a hornet for 2 turns
 20112 | Lair:5   | Reached skill level 10 in Armour
 21315 | D:12     | Found Gippetirch's General Store.
 21342 | D:12     | Found a staircase to the Orcish Mines.
 21347 | D:12     | Noticed Psyche
 21369 | D:12     | Killed Psyche
 22179 | D:12     | Received a gift from Okawaru
 22188 | D:12     | Identified the +3 ring mail of Ashenzari, Hurling {Harm
                  | rPois Dex+2}
 22378 | D:12     | Killed Azrael
 22832 | Orc:1    | Entered Level 1 of the Orcish Mines
 22976 | D:12     | Reached skill level 14 in Fighting
 23551 | Orc:2    | Entered Level 2 of the Orcish Mines
 23552 | Orc:2    | Found a staircase to the Elven Halls.
 24081 | Orc:1    | Identified the +2 barding "Bedestim" {Harm Str+3 Int+3
                  | Dex-4} (Okawaru gifted it to you on level 1 of the Orcish
                  | Mines)
 24081 | Orc:1    | Received a gift from Okawaru
 25477 | Orc:2    | Found Ymolo's Magic Scroll Shop.
 25477 | Orc:2    | Found Ahungaa's General Store.
 25479 | Orc:2    | Found Lyenid's General Store.
 25481 | Orc:2    | Found Afrouneh's Weapon Boutique.
 25486 | Orc:2    | Bought a scroll of teleportation for 33 gold pieces
 25676 | Orc:2    | Bought a scroll of teleportation for 48 gold pieces
 25676 | Orc:2    | Bought a scroll of teleportation for 48 gold pieces
 25983 | D:13     | Found a runed translucent gate.
 25983 | D:13     | Found a runed translucent gate.
 25983 | D:13     | Noticed an acid blob
 25984 | D:13     | Found a runed translucent gate.
 25984 | D:13     | Noticed an acid blob
 25984 | D:13     | Noticed an azure jelly
 25984 | D:13     | Noticed Iplucs's ghost (journeyman FeBe)
 25984 | D:13     | Noticed an acid blob
 25984 | D:13     | Noticed an acid blob
 25984 | D:13     | Noticed an acid blob
 25985 | D:13     | Noticed a rockslime
 25985 | D:13     | Noticed an acid blob
 25985 | D:13     | Noticed an acid blob
 25986 | D:13     | Found a viscous altar of Jiyva.
 26317 | D:13     | Found a gate to the Vaults.
 26749 | D:14     | Reached XP level 16. HP: 155/156 MP: 23/23
 26772 | D:14     | Reached skill level 10 in Shields
 27091 | D:14     | Found Bakint's Demolitions Depot.
 29407 | D:14     | Received a gift from Okawaru
 29475 | D:14     | Noticed a storm dragon
 29477 | D:14     | Noticed a storm dragon
 29478 | D:14     | Noticed a storm dragon
 30131 | D:15     | Entered Level 15 of the Dungeon
 30528 | Snake:1  | Entered Level 1 of the Snake Pit
 30675 | D:10     | Bought the ring of Meoc {rF+++ Str-2 Dex+6 SInv} for 915
                  | gold pieces
 30817 | Snake:1  | Reached skill level 15 in Fighting
 32595 | D:14     | Killed a storm dragon
 32607 | D:14     | Received a gift from Okawaru
 32736 | D:14     | Killed a storm dragon
 33783 | Snake:2  | Reached XP level 17. HP: 46/166 MP: 19/24
 34412 | Snake:2  | Identified the +1 dagger of the Winnowing Gods {heavy,
                  | rElec} (Okawaru gifted it to you on level 2 of the Snake
                  | Pit)
 34412 | Snake:2  | Received a gift from Okawaru
 35044 | Snake:3  | Reached skill level 16 in Fighting
 35155 | Snake:3  | Noticed Vashnia
 35179 | Snake:3  | Killed Vashnia
 35512 | Snake:3  | Found Nomuestruri's Jewellery Boutique.
 35516 | Snake:3  | Found Lituek's Antique Armour Boutique.
 35534 | Snake:3  | Bought a shiny helmet for 195 gold pieces
 35549 | Snake:3  | Bought an amulet of reflection for 390 gold pieces
 35957 | Snake:3  | Identified the +7 sling of Sloth {drain, rC- Int+4 Dex+2}
                  | (Okawaru gifted it to you on level 3 of the Snake Pit)
 35957 | Snake:3  | Received a gift from Okawaru
 36600 | Snake:3  | Bought a runed barding for 676 gold pieces
 36640 | Snake:4  | Entered Level 4 of the Snake Pit
 37976 | Snake:4  | Reached skill level 15 in Shields
 38001 | Snake:4  | Identified the +3 barding of Feasting {Str+6 Dex-5}
                  | (Okawaru gifted it to you on level 4 of the Snake Pit)
 38001 | Snake:4  | Received a gift from Okawaru
 38008 | Snake:4  | Reached skill level 17 in Fighting
 38522 | Snake:4  | Noticed a quicksilver dragon
 38523 | Snake:4  | Noticed a quicksilver dragon
 38541 | Snake:4  | HP: 7/171 [quicksilver dragon (16)]
 38838 | Snake:4  | Killed a quicksilver dragon
 38879 | Snake:4  | Killed a quicksilver dragon
 38910 | Snake:4  | Got a serpentine rune of Zot
 38938 | Snake:4  | Reached XP level 18. HP: 176/181 MP: 25/25
 39212 | Shoals:1 | Entered Level 1 of the Shoals
 39579 | Shoals:1 | Found a transporter.
 39591 | Shoals:1 | Noticed Orangeyouglad's ghost (journeyman HuIE)
 39801 | Shoals:1 | Found a transporter.
 40251 | Shoals:1 | Found a bloodstained altar of Trog.
 41389 | Shoals:2 | Reached skill level 18 in Fighting
 42632 | Shoals:3 | Noticed Nikola
 42650 | Shoals:3 | Killed from afar by Nikola

Illustrated notes

Levels and vault maps discovered:
D:1:      minmay_arrival_wavy_path, layout_loops_ring
D:2:      layout_basic, serial_shops, shop, supply_closet_lemuel, fountainhead,
          grunt_decor_cap
D:3:      minmay_general_purpose_star, layout_basic, tgw_fedhas,
          saegor_snake_ambush, uniq_terence, uniq_sigmund, uniq_ijyb,
          uniq_natasha
D:4:      layout_basic, marbit_many_paths, lightli_sewer_entry_pipes,
          minmay_joined_circles
D:5:      layout_gridville, nicolae_half_adder
D:6:      layout_rooms, minmay_temple_entry_enclosed_plants
D:7:      wad_pebble_path, layout_basic, uniq_maggie, uniq_pikel,
          uniq_crazy_yiuf_cottage
D:8:      layout_basic, mainiacjoe_overflow_six_doors_small, dpeg_oklobed_lair
D:9:      layout_loops_ring, dancing_weapons_uskayaw, gammafunk_ghost_cemetery,
          serial_park_tiny_pond, nicolae_specific_store
D:10:     layout_loops_cross, grunt_gozag_statues, serial_shops,
          nicolae_shop_crystal, uniq_gastronok
D:11:     layout_basic
D:12:     layout_basic, david_orc_3, serial_shops, shop, uniq_azrael,
          uniq_psyche
D:13:     layout_basic, david_vaults_2, gammafunk_ghost_ooze
D:14:     minmay_nested_s, layout_loops_cross, minmay_crystal_room,
          nicolae_blasting_shop, nicolae_lava_and_water, pond
D:15:     grunt_enter_depths_hoard, layout_cross, uniq_jorgrun
Temple:   hellmonk_temple_divided_pantheon
Lair:1:   layout_regular_city
Lair:2:   layout_gridlike, elwin_shoals_entry_stream, cheibrodos_lair_lostbears
Lair:3:   layout_long_grid, dummy_snake_entry, kennysheep_snail_temple
Lair:4:   layout_loops_ring, minmay_slime_entry_jelly_boxes
Lair:5:   gammafunk_lair_ancient_temple, layout_layer_cave
Shoals:1: layout_shoals, gammafunk_ghost_wrathful_warriors,
          nicolae_shoals_wave_tunnel
Shoals:2: layout_shoals, nicolae_shoals_mertower
Shoals:3: layout_shoals, uniq_nikola
Snake:1:  layout_honeycomb, drop_trap
Snake:2:  layout_gridlike, serial_bayou_shore_b
Snake:3:  layout_onion, grunt_ministairs_15, drop_trap,
          nicolae_coiled_stairwell_down, minmay_shop_star, uniq_vashnia
Snake:4:  hellmonk_snake_rune_quicksilver_temple, layout_basic, eino_curves_01,
          nrook_guardian_serpent_double
Orc:1:    layout_caves, basic_altar
Orc:2:    st_orc_rangers, layout_caves

Skill      XL: |  1  2  3  4  5  6  7  8  9 10 11 12 13 14 15 16 17 18 |
---------------+-------------------------------------------------------+-----
Maces & Flails | 2 3 4 5 6 7 8 10 11 12 14 | 14.8
Fighting       | 3 4 5 6 7 9 10 11 12 13 14 15 17 18 | 18.0
Armour         | 4 6 8 9 11 13 14 | 14.0
Shields        | 5 6 7 9 12 15 | 15.8
Dodging        | 2 5 6 7 |  7.0
Invocations    | 1 10 | 10.0

Action                     |  1- 3 |  4- 6 |  7- 9 | 10-12 | 13-15 | 16-18 || total
---------------------------+-------+-------+-------+-------+-------+-------++-------
  Melee: Flail             |   109 |    25 |       |   192 |       |       ||   326
         Tailslap          |    14 |    17 |    31 |   113 |   163 |   317 ||   655
         Morningstar       |       |   108 |   414 |   303 |       |       ||   825
         Demon whip        |       |       |       |   153 |   951 |   543 ||  1647
         Eveningstar       |       |       |       |       |       |  1099 ||  1099
 Invoke: Heroism           |       |       |       |     4 |     1 |    13 ||    18
         Finesse           |       |       |       |       |     1 |     2 ||     3
  Evoke: Wand              |       |       |       |       |       |     4 ||     4
    Use: Scroll            |     5 |     3 |    12 |    18 |     2 |    13 ||    53
         Potion            |       |       |       |     7 |     3 |    10 ||    20
   Stab: Sleeping          |       |       |       |     2 |       |     2 ||     4
 Armour: Scale mail        |    59 |    88 |   235 |       |       |       ||   382
         Steam dragon scal |       |       |    32 |   270 |    79 |       ||   381
         Ring mail         |       |       |       |       |   237 |   122 ||   359
         Swamp dragon scal |       |       |       |       |       |   241 ||   241
         Quicksilver drago |       |       |       |       |       |   163 ||   163
  Dodge: Dodged            |    36 |    49 |   165 |   211 |   396 |   469 ||  1326
  Block: Buckler           |    19 |    39 |   119 |   149 |   226 |       ||   552
         Kite shield       |       |       |       |       |    42 |  1156 ||  1198
         Reflection        |       |       |       |       |       |    74 ||    74
